 Dungeon Crawl Stone Soup version 0.18-a0-1186-gd02dc51 (webtiles) character file.

3799 4thArraOfDagon the Cleaver (level 9, -3/79 HPs)
             Began as a Centaur Berserker on Jan 28, 2016.
             Was a Believer of Trog.
             Shot with an arrow by a centaur (6 damage)
             ... on level 12 of the Dungeon.
             The game lasted 00:10:46 (1891 turns).

4thArraOfDagon the Cleaver (Centaur Berserker)      Turns: 1891, Time: 00:10:47

Health: -3/79      AC: 13    Str: 23    XL:     9   Next: 96%
Magic:  12/12      EV:  5    Int:  6    God:    Trog [**....]
Gold:   398        SH:  0    Dex:  9    Spells: 0 memorised, 8 levels left

rFire  . . .     SeeInvis .     y - +3 war axe
rCold  . . .     Gourm    .     w - +0 plate armour
rNeg   + . .     Faith    .     (no shield)
rPois  .         Spirit   .     e - +0 helmet
rElec  .         Dismiss  .     j - +1 cloak
rCorr  .         Reflect  .     (no gloves)
SustAt .         Harm     .     (no barding)
MR     +++..                    (no amulet)
Stlth  ..........               l - ring of stealth
                                i - ring of positive energy

@: exhausted, about to teleport, regenerating, slowed, extremely resistant to
hostile enchantments, extremely unstealthy
A: hooves 3, deformed body, speed 2, magic resistance 1, tough skin 3, no device
heal 1
a: Berserk, Trog's Hand, Burn Spellbooks, Renounce Religion


You were on level 12 of the Dungeon.
You worshipped Trog.
Trog was pleased with you.
You were hungry.

You visited 1 branch of the dungeon, and saw 11 of its levels.

You collected 398 gold pieces.

Inventory:

Hand Weapons
 y - a +3 war axe (weapon)
 B - a +0 hand axe of flaming
Missiles
 u - 2 throwing nets (quivered)
Armour
 e - a +0 helmet (worn)
 j - a +1 cloak (worn)
 w - a +0 plate armour (worn)
Jewellery
 i - a ring of positive energy (left hand)
 l - a ring of stealth (right hand)
Wands
 f - a wand of magic darts (14/48)
 k - a wand of disintegration (11/24)
 m - a wand of paralysis (17/24)
 p - a wand of digging (8/24)
 r - a wand of fireball (5/15)
 s - a wand of disintegration (12/24)
 t - a wand of frost (25/48)
Scrolls
 a - a scroll of enchant armour
 n - 2 scrolls of remove curse
Potions
 d - a potion of invisibility {unknown}
 o - a potion of cancellation {unknown}
 x - 2 potions of curing {unknown}
 A - a potion of heal wounds {unknown}
Books
 z - a book of Cantrips

   Spells                             Type                      Level
   a - Corona                         Hexes                        1
   b - Animate Skeleton               Necromancy                   1
   c - Summon Small Mammal            Summoning                    1
   d - Apportation                    Translocation                1
   Trog disapproves of the use of such an item.
Comestibles
 b - 3 slices of pizza
 c - 5 bread rations
 h - 8 chunks of flesh
 q - 2 meat rations
 v - 6 beef jerkies
 C - a royal jelly


   Skills:
 + Level 7.2 Fighting
 * Level 9.1 Axes
 + Level 5.1 Armour
 - Level 1.3 Dodging
 + Level 4.9 Evocations


You had 8 spell levels left.
You didn't know any spells.

Dungeon Overview and Level Annotations

Branches:
Dungeon (12/15)              Lair (0/8) D:8             Orc (0/2) D:9
 Temple: D:4-7

Altars:
Cheibriados
Gozag
Kikubaaqudgha
Qazlal
Sif Muna
Trog
Beogh

Portals:
Trove: D:11 (give 20 scrolls of identify)

Annotations:
D:5 Eustachio
D:6 Pikel


Innate Abilities, Weirdness & Mutations

You have hooves in place of feet.
Armour fits poorly on your strangely shaped body.
You cover ground very quickly.
You have extremely tough skin (AC +3).
You are resistant to hostile enchantments.
Potions and wands are less effective at restoring your health.


Message History

The centaur shoots an arrow.
The arrow hits you!
* * * LOW HITPOINT WARNING * * *
Unknown command.
Read which item? (? for menu, Esc to quit)
Okay, then.
Read which item? (? for menu, Esc to quit)
As you read the scroll of teleportation, it crumbles to dust.
You feel strangely unstable.
The centaur shoots an arrow.
The arrow hits you but does no damage. The centaur hits you.
* * * LOW HITPOINT WARNING * * *
The centaur shoots an arrow.
The arrow hits you but does no damage.
The centaur hits you but does no damage.
The centaur shoots an arrow.
The arrow hits you.
* * * LOW HITPOINT WARNING * * *
The arrow burns you.
* * * LOW HITPOINT WARNING * * *
The centaur shoots an arrow.
The arrow hits you.
* * * LOW HITPOINT WARNING * * *
The centaur shoots an arrow.
The arrow hits you.
You die...

#####+#### ######+###
#..(c.(..# #..(.....#
#.....c..# #........#
#....).c.# #........#
+...(.[..#####........#
#..(.(@c.#...'..).....#
#........(.###........#
#..(.....### ####'#####
#...(....# #...#
######+### ###.# #.#
####.### #>....<.
#.......


You could see 4 centaurs.

Vanquished Creatures
  A hill giant (D:11)
  A gargoyle (D:10)
  A centaur skeleton (D:11)
  A fire drake (D:8)
  A soldier ant (D:10)
  A sky beast (D:9)
  An ice beast (D:11)
  2 orc warriors
  A black bear (D:10)
  4 ogres
  6 centaurs
  2 giant frogs
  8 wights
  A crimson imp (D:9)
  A wasp zombie (D:9)
  2 hounds
  A centaur zombie (D:9)
  A jelly (D:10)
  5 orc priests
  2 orc wizards
  Crazy Yiuf (D:5)
  3 worker ants
  2 worker ant zombies
  2 gnolls (D:9)
  2 adders (D:8)
  28 orcs
  2 giant cockroaches
  5 jackals
  A bat (D:1)
  A giant newt (D:6)
  A goblin (D:1)
  A quokka skeleton (D:8)
92 creatures vanquished.

Notes
Turn   | Place    | Note
--------------------------------------------------------------
     0 | D:1      | 4thArraOfDagon the Centaur Berserker began the quest for the Orb.
     0 | D:1      | Reached XP level 1. HP: 19/19 MP: 1/1
   132 | D:2      | Found an ancient bone altar of Kikubaaqudgha.
   150 | D:2      | Found a stormy altar of Qazlal.
   150 | D:2      | Noticed Jessica
   159 | D:2      | You fall through a shaft for 2 floors!
   172 | D:4      | Noticed a worker ant
   177 | D:4      | Found a snail-covered altar of Cheibriados.
   185 | D:5      | Entered Level 5 of the Dungeon
   188 | D:5      | Noticed a centaur
   213 | D:5      | Reached XP level 2. HP: 15/26 MP: 2/2
   214 | D:5      | Killed a centaur
   214 | D:5      | Reached skill level 4 in Axes
   214 | D:5      | Reached XP level 3. HP: 17/31 MP: 3/3
   214 | D:5      | Reached XP level 4. HP: 21/39 MP: 4/4
   269 | D:5      | Noticed Crazy Yiuf
   272 | D:5      | Killed Crazy Yiuf
   300 | D:5      | Noticed Eustachio
   337 | D:6      | Noticed Pikel
   338 | D:6      | Noticed a slave
   387 | D:6      | Noticed a centaur
   387 | D:6      | Noticed an ogre
   395 | D:6      | Killed an ogre
   395 | D:6      | Reached XP level 5. HP: 42/46 MP: 5/5
   401 | D:6      | Killed a centaur
   401 | D:6      | Reached XP level 6. HP: 26/52 MP: 6/6
   536 | D:7      | Reached skill level 5 in Axes
   588 | D:7      | Found an opulent altar of Gozag.
   675 | D:8      | Found a staircase to the Lair.
   675 | D:8      | Noticed a fire drake
   692 | D:8      | Killed a fire drake
   692 | D:8      | Reached skill level 1 in Evocations
   692 | D:8      | Reached XP level 7. HP: 60/60 MP: 7/7
   744 | D:8      | Reached ** piety under Trog
   812 | D:9      | Found a staircase to the Orcish Mines.
   812 | D:9      | Noticed a troll
   850 | D:8      | Reached skill level 6 in Axes
   893 | D:8      | Reached skill level 5 in Fighting
  1022 | D:9      | Reached XP level 8. HP: 68/68 MP: 9/9
  1029 | D:9      | Gained mutation: Potions and wands are less effective at restoring your health. [mutagenic meat]
  1030 | D:9      | Gained mutation: You are resistant to hostile enchantments. [mutagenic meat]
  1047 | D:9      | Found a bloodstained altar of Trog.
  1059 | D:9      | Found a deep blue altar of Sif Muna.
  1179 | D:9      | Reached skill level 7 in Axes
  1280 | D:10     | Entered Level 10 of the Dungeon
  1495 | D:11     | Found a portal to a secret trove of treasure.
  1515 | D:11     | Reached XP level 9. HP: 61/75 MP: 11/11
  1580 | D:10     | Reached skill level 8 in Axes
  1614 | D:10     | Noticed a gargoyle
  1624 | D:10     | Killed a gargoyle
  1630 | D:10     | You fall through a shaft!
  1660 | D:11     | Found a roughly hewn altar of Beogh.
  1738 | D:11     | Noticed a hill giant
  1744 | D:11     | Killed a hill giant
  1744 | D:11     | Reached skill level 5 in Armour
  1826 | D:11     | Reached skill level 9 in Axes
  1836 | D:11     | Noticed a cyclops
  1891 | D:12     | HP: 3/79 [centaur/arrow (4)]
  1891 | D:12     | Shot with an arrow by a centaur

Vault maps used:
D:1:      dpeg_arrival_rooms_with_view
D:2:      kiku_gazebo_pond_becter, grunt_qazlal_sundering, uniq_jessica
D:4:      cheibriados_altar_1, minmay_temple_entry_poolview, serial_shops,
          kennysheep_mini_moat, hangedman_decor_points, fedhas_altar_3
D:5:      first_bread, uniq_edmund, uniq_crazy_yiuf_cottage, uniq_eustachio
D:6:      grunt_temple_overflow_holy_war, uniq_pikel, uniq_menkaure
D:7:      grunt_temple_overflow_order_and_chaos_2, nicolae_gozag_seed_capital
D:8:      minmay_lair_entry_lava, grunt_ogre_cave
D:9:      kennysheep_orc_monster_closet_entryway, basic_altar,
          kennysheep_flooded_box
D:10:     special_room
D:11:     enter_trove_6, special_room, minivault_29
D:12:     serial_shops, shop, uniq_nessos

Action                   |  1- 3 |  4- 6 |  7- 9 || total
-------------------------+-------+-------+-------++-------
Melee: Hand axe          |    21 |    29 |    11 ||    61
       War axe           |       |       |   152 ||   152
Throw: Throwing net      |       |       |     2 ||     2
Invok: Berserk           |     1 |     4 |    12 ||    17
       Trog's Hand       |       |       |     7 ||     7
Evoke: Wand              |       |     1 |     1 ||     2
  Use: Scroll            |       |     3 |     5 ||     8
 Stab: Paralysed         |       |     6 |     4 ||    10
       Held in net/web   |       |       |     1 ||     1
  Eat: Chunk             |       |     3 |    19 ||    22
